 Dungeon Crawl Stone Soup version 0.31-a0-466-g98c9adc2b6 (webtiles) character file.

Game seed: 13600311910556952860

155 horus123 the Magician (level 5, -7/28 HPs)
             Began as a Deep Elf Earth Elementalist on Aug 5, 2023.
             Mangled by a gnoll
             ... wielding a +1 flail of protection
              (10 damage)
             ... on level 2 of the Dungeon.
             The game lasted 00:03:06 (2072 turns).

horus123 the Magician (Deep Elf Earth Elementalist) Turns: 2072, Time: 00:03:07

Health: -7/28      AC:  4    Str:  5    XL:     5   Next: 14%
Magic:  8/16       EV: 12    Int: 28    God:
Gold:   23         SH:  0    Dex: 15    Spells: 14/18 levels left

rFire   . . .        k - +0 quarterstaff
rCold   . . .        (shield currently unavailable)
rNeg    . . .        a - +0 robe
rPois   .            (no helmet)
rElec   .            (no cloak)
rCorr   .            (no gloves)
SInv    .            h - +1 pair of boots
Will    .....        (no amulet)
Stlth   ++           f - +6 ring of intelligence
HPRegen 0.24/turn    (no ring)
MPRegen 0.15/turn

%: no passive effects
@: very slightly contaminated
A: no striking features
a: no special abilities


You were on level 2 of the Dungeon.
You visited 1 branch of the dungeon, and saw 2 of its levels.

You collected 23 gold pieces.

Inventory:

Hand Weapons
 k - a +0 quarterstaff (weapon)
Missiles
 g - 2 throwing nets
Armour
 a - a +0 robe (worn)
 h - a +1 pair of boots (worn)
Jewellery
 f - a +6 ring of intelligence (left hand)
Scrolls
 i - a scroll of teleportation {unknown}
Potions
 b - a potion of magic
 c - a potion of berserk rage {unknown}
 d - a potion of mutation {unknown}
 e - a potion of heal wounds {unknown}
 j - a potion of haste {unknown}
 l - a potion of brilliance {unknown}
 m - a potion of curing {unknown}


   Skills:
 - Level 2.4 Dodging
 - Level 2.4 Stealth
 - Level 7.0 Spellcasting
 - Level 1.1 Transmutations
 + Level 3.7 Earth Magic


You had 14 spell levels left.
You knew the following spells:

 Your Spells              Type           Power      Damage    Failure   Level
a - Sandblast             Erth           60%        2d14      1%          1
b - Stone Arrow           Conj/Erth      40%        3d9       8%          3

Your spell library contained the following spells:

 Spells                   Type           Power      Damage    Failure   Level
 Passwall                 Tmut/Erth      19%        N/A       3%          2
 Petrify                  Tmut/Erth      23%        N/A       21%         4


Dungeon Overview and Level Annotations

Branches:
Dungeon (2/15)

Altars:

Annotations:
D:2 1 runed translucent door, Crazy Yiuf, Natasha, Sigmund


Message History

Press: ? - help, Q - select action, (/) - cycle Shift-Dir - straight line, f/p - gnoll
Aim: a gnoll, wielding a +1 flail of protection and wearing a +0 chain mail (90% to hit)
The blast of sand hits the gnoll but does no damage.
The gnoll hits you with a +1 flail of protection!
Aiming: Sandblast (safe; 1% risk of failure)
Press: ? - help, Q - select action, (/) - cycle Shift-Dir - straight line, f/p - gnoll
Aim: a gnoll, wielding a +1 flail of protection and wearing a +0 chain mail (90% to hit)
You miscast Sandblast.
You are very lightly contaminated with residual magic.
Nothing appears to happen.
The gnoll closely misses you.
Aiming: Sandblast (safe; 1% risk of failure)
Press: ? - help, Q - select action, (/) - cycle Shift-Dir - straight line, f/p - gnoll
Aim: a gnoll, wielding a +1 flail of protection and wearing a +0 chain mail (90% to hit)
The blast of sand hits the gnoll but does no damage.
The gnoll hits you with a +1 flail of protection! x2
* * * LOW HITPOINT WARNING * * *
Aiming: Sandblast (safe; 1% risk of failure)
Press: ? - help, Q - select action, (/) - cycle Shift-Dir - straight line, f/p - gnoll
Aim: a gnoll, wielding a +1 flail of protection and wearing a +0 chain mail (90% to hit)
Okay, then.
Okay, then.
The gnoll attacks as you move away!
The gnoll hits you with a +1 flail of protection.
* * * LOW HITPOINT WARNING * * *
The gnoll attacks as you move away! The gnoll misses you.
Casting: Sandblast (safe; 1% risk of failure)
Confirm with . or Enter, or press ? or * to list all spells.
The spell is quite dangerous to miscast (8% risk of failure)!
Continue anyway?
Okay, then.
Casting: Stone Arrow (quite dangerous; 8% risk of failure)
Confirm with . or Enter, or press ? or * to list all spells.
The spell is quite dangerous to miscast (8% risk of failure)!
Continue anyway?
Aiming: Stone Arrow (quite dangerous; 8% risk of failure)
Press: ? - help, Shift-Dir - straight line, f/p - gnoll
Aim: a gnoll, wielding a +1 flail of protection and wearing a +0 chain mail (83% to hit)
The stone arrow hits the gnoll!
The gnoll is severely wounded.
The gnoll hits you with a +1 flail of protection!
You die...

### ##
#.############### #.
#.g@............# #.
#.###########.#####.
#.# #..<.)...).. #.#
#####.#.#.#####. #.#
#...#.#.#.# #.
##############.#
#...#.#.#.#####.
.............#.#
#...#.#.#.....#.
#............#)#
#...#.#.#####.#.
........)....#.#
#...#.#.......#.


You could see a gnoll.

Vanquished Creatures
  Natasha (D:2)
  4 adders (D:2)
  6 gnolls
  A worm (D:2)
  3 ball pythons
  A bat (D:2)
  5 endoplasms
  7 goblins
  A hobgoblin (D:1)
  2 quokkas (D:2)
  A frilled lizard (D:2)
  2 kobolds
  5 rats
39 creatures vanquished.

Notes
Turn   | Place    | Note
-------+----------+-------------------------------------------
     0 | D:1      | horus123 the Deep Elf Earth Elementalist began the quest
                  | for the Orb.
     0 | D:1      | Reached XP level 1. HP: 10/10 MP: 6/6
   354 | D:1      | Reached skill level 4 in Spellcasting
   354 | D:1      | Reached XP level 2. HP: 15/15 MP: 7/9
   817 | D:2      | Noticed Natasha
   822 | D:2      | Killed Natasha
   823 | D:2      | Reached skill level 5 in Spellcasting
   823 | D:2      | Reached XP level 3. HP: 19/19 MP: 7/12
   917 | D:2      | Learned a level 3 spell: Stone Arrow
  1010 | D:2      | Reached XP level 4. HP: 24/24 MP: 10/13
  1045 | D:2      | Reached skill level 6 in Spellcasting
  1407 | D:2      | Found a faded altar of an unknown god.
  1478 | D:2      | Reached skill level 7 in Spellcasting
  1589 | D:2      | Reached XP level 5. HP: 15/28 MP: 13/16
  1869 | D:2      | Found a runed translucent door.
  1869 | D:2      | Noticed Sigmund
  1869 | D:2      | Noticed Natasha
  1870 | D:2      | Noticed Crazy Yiuf
  2072 | D:2      | Mangled by a gnoll

Illustrated notes

Levels and vault maps discovered:
D:1:      minmay_arrival_loop, layout_basic, hex_intersection
D:2:      layout_basic, shapermc_ecumenical_altar_hornbeckon,
          uniq_crazy_yiuf_cottage, uniq_natasha, uniq_sigmund

Skill      XL: |  1  2  3  4 |
---------------+-------------+-----
Spellcasting   | 4 5 7 |  7.0
Dodging        | |  2.4
Stealth        | |  2.4
Transmutations | |  1.1
Earth Magic    | |  3.7

Action                     |  1- 3 |  4- 6 || total
---------------------------+-------+-------++-------
   Cast: Sandblast         |    33 |    30 ||    63
         Stone Arrow       |       |     1 ||     1
 Armour: Robe              |       |     5 ||     5
  Dodge: Dodged            |     1 |    15 ||    16

Table legend: (Time is in decaauts)
 A = Elapsed time spent in this place.
 B = Non-inter-level travel time spent in this place.
 C = Inter-level travel time spent in this place.
 D = Time resting spent in this place.
 E = Time spent auto-exploring this place.
 F = Levels seen in this place.
 G = Mean time per level.
                   A        B        C        D        E       F      G
               +--------+--------+--------+--------+--------+-----+--------+
         Total |   2111 |   2080 |     31 |    219 |   1489 |   2 | 1055.5 |
       Dungeon |   2111 |   2080 |     31 |    219 |   1489 |   2 | 1055.5 |
               +--------+--------+--------+--------+--------+-----+--------+

Top non-repeatable levels by time:
     D:2: 1069 daAuts
     D:1: 1042 daAuts
